 Dungeon Crawl Stone Soup version 0.25-a0-420-g1cc7eeb0d1 (webtiles) character file.

Game seed: 17015554159368010018, levelgen mode: deterministic

50 Borgoz the Cudgeler (level 3, -2/22 HPs)
             Began as a Gargoyle Gladiator on Jan 19, 2020.
             Killed by divine providence
             ... invoked by an orc priest
              (9 damage)
             ... on level 4 of the Dungeon.
             The game lasted 00:01:14 (1244 turns).

Borgoz the Cudgeler (Gargoyle Gladiator)            Turns: 1244, Time: 00:01:15

Health: -2/22      AC:  7    Str: 18    XL:     3   Next: 79%
Magic:  3/3        EV: 12    Int:  8    God:
Gold:   82         SH:  0    Dex: 11    Spells: 2/2 levels left

rFire    . . .     SeeInvis .   a - +0 flail
rCold    . . .     Gourm    .   (no shield)
rNeg     + . .     Faith    .   b - +0 leather armour
rPois    ∞         Spirit   .   c - +0 helmet
rElec    +         Reflect  .   (no cloak)
rCorr    .         Harm     .   (no gloves)
MR       .....                  (no boots)
Stlth    +.........             (no amulet)
HPRegen  0.07/turn              (no ring)
MPRegen  0.08/turn              (no ring)

@: no status effects
A: negative energy resistance 1, electricity resistance, unbreathing,
petrification resistance, rot immunity, AC +3
a: no special abilities


You were on level 4 of the Dungeon.
You were not hungry.

You visited 1 branch of the dungeon, and saw 3 of its levels.

You collected 82 gold pieces.

Inventory:

Hand Weapons
 a - a +0 flail (weapon)
Missiles
 d - a throwing net (quivered)
Armour
 b - a +0 leather armour (worn)
 c - a +0 helmet (worn)
Scrolls
 i - 3 scrolls of identify {unknown}
 k - a scroll of fog {unknown}
Potions
 e - a potion of magic
Comestibles
 f - 3 rations
 g - 4 chunks of flesh


   Skills:
 + Level 2.7 Fighting
 * Level 3.5 Maces & Flails
 - Level 1.7 Throwing
 + Level 1.1 Armour
 * Level 3.0 Dodging


You had 2 spell levels left.
You didn't know any spells.
Your spell library was empty.

Dungeon Overview and Level Annotations

Branches:
Dungeon (2/15)

Altars:


Innate Abilities, Weirdness & Mutations

You are resistant to torment.
Your stone body is resilient. (AC +3)
You are immune to poison.
You resist negative energy. (rN+)
You are resistant to electric shocks. (rElec)
You can survive without breathing.
You are immune to petrification.
You are immune to rotting.


Message History

The orc priest is lightly wounded.
The orc misses you.
The orc priest struggles against the net.
The orc hits you.
You catch the helpless orc priest completely off-guard!
You hit the orc priest but do no damage.
The orc priest is lightly wounded.
The orc hits you with a +0 flail. The orc closely misses you.
The orc priest struggles against the net. x2
The orc misses you. The orc closely misses you.
You hit the orc priest but do no damage.
The orc priest is lightly wounded.
The orc priest struggles against the net.
The net rips apart, and the orc priest comes free!
The orc hits you but does no damage. x2
You sock the orc priest!
The orc priest is severely wounded.
The orc priest mumbles some strange prayers to Beogh against you.
Beogh smites you!
You die...

.(. ....
########..(.
#...........
#...........
#...........
#...o.......
#..@o.......
#...o.......
#.........##
###########


You could see an orc priest and 2 orcs.

Vanquished Creatures
  2 adders (D:2)
  A dart slug (D:1)
  A giant cockroach (D:1)
  A goblin (D:2)
  3 hobgoblins (D:1)
  3 jackals (D:4)
  5 bats
  2 frilled lizards (D:2)
  2 kobolds
  13 rats
33 creatures vanquished.

Notes
Turn   | Place    | Note
-------+----------+-------------------------------------------
     0 | D:1      | Borgoz the Gargoyle Gladiator began the quest for the Orb.
     0 | D:1      | Reached XP level 1. HP: 12/12 MP: 1/1
   172 | D:1      | Reached XP level 2. HP: 17/17 MP: 2/2
   864 | D:2      | Reached XP level 3. HP: 16/22 MP: 3/3
  1117 | D:2      | Reached skill level 1 in Armour
  1219 | D:2      | You fall into a shaft and drop 2 floors!
  1244 | D:4      | Killed from afar by an orc priest

Levels and vault maps discovered:
D:1:      dpeg_arrival_rooms_b, layout_loops_ring, minmay_misc_feat_tiny,
          minmay_rat_gold_closets
D:2:      layout_basic, nrook_campfire
D:4:      layout_basic, gup_sewer_entry_bubbles, first_ration,
          lemuel_statue_altar

Skill      XL: |  1  2  3 |
---------------+----------+-----
Armour         | 1 |  1.1
Dodging        | 3 |  3.0
Fighting       | |  2.7
Maces & Flails | |  3.5
Throwing       | |  1.7

Action                   || total
-------------------------++-------
Melee: Flail             ||   129
Throw: Throwing net      ||     2
  Use: Potion            ||     3
 Stab: Sleeping          ||     1
       Held in net/web   ||     1
  Eat: Chunk             ||     1
Armor: Leather armour    ||    55
Dodge: Dodged            ||   110

Table legend:
 A = Non-vault XP
 B = Vault XP
 C = Vault XP percentage of total XP
 D = Non-vault monster count
 E = Vault monster count
 F = Vault count percentage of total count
                 A         B        C        D         E       F
            +---------+---------+-------+---------+---------+-------
      Total |      63 |       9 |  12.5 |      24 |       9 |  27.3
            +---------+---------+-------+---------+---------+-------
        D:1 |      19 |       9 |  32.1 |      11 |       9 |  45.0
        D:2 |      38 |       0 |   0.0 |      10 |       0 |   0.0
        D:4 |       6 |       0 |   0.0 |       3 |       0 |   0.0
            +---------+---------+-------+---------+---------+-------
